 Dungeon Crawl Stone Soup version 0.18-a0-1267-gff090c1 (webtiles) character file.

1033 namelastname112 the Shooter (level 8, 68/68 HPs)
             Began as a Pale Draconian Hunter on Feb 6, 2016.
             Was an Initiate of Gozag.
             Quit the game on level 5 of the Dungeon.
             The game lasted 00:08:51 (5542 turns).

namelastname112 the Shooter (Pale Draconian Hunter) Turns: 5542, Time: 00:08:51

Health: 68/68      AC:  7    Str: 14    XL:     8   Next: 3%
Magic:  8/8        EV: 14    Int: 11    God:    Gozag
Gold:   242        SH:  0    Dex: 15    Spells: 0 memorised, 7 levels left

rFire  . . .     SeeInvis .     a - +1 shortbow
rCold  . . .     Gourm    .     (armour unavailable)
rNeg   . . .     Faith    .     (shield currently unavailable)
rPois  .         Spirit   .     (helmet restricted)
rElec  .         Dismiss  .     z - +0 cloak (curse)
rCorr  .         Reflect  .     (no gloves)
SustAt .         Harm     .     (no boots)
MR     .....                    (no amulet)
Stlth  ++........               (no ring)
                                (no ring)

@: not resistant to hostile enchantments, unstealthy
A: breathe steam, unfitting armour, cold-blooded, AC +6
a: Breathe Steam, Potion Petition, Call Merchant, Bribe Branch, Renounce
Religion


You were on level 5 of the Dungeon.
You worshipped Gozag.
Gozag was noncommittal.
You were not hungry.

You visited 1 branch of the dungeon, and saw 5 of its levels.

You collected 874 gold pieces.
You paid 632 gold pieces to Gozag.

Inventory:

Hand Weapons
 a - a +1 shortbow (weapon)
 b - a +2 dagger of holy wrath
Missiles
 c - 60 arrows (quivered)
 k - 15 arrows of flame
 q - 6 poisoned arrows
Armour
 z - a cursed +0 cloak (worn)
Jewellery
 e - an uncursed ring of ice
 J - an uncursed ring of ice
Wands
 p - a wand of random effects (35/48)
 E - a wand of digging (18/24)
Scrolls
 i - 2 scrolls of magic mapping {unknown}
 l - 7 scrolls of remove curse {unknown}
 m - 4 scrolls of noise {unknown}
 r - a scroll of immolation {unknown}
 t - 2 scrolls of teleportation {unknown}
 v - 4 scrolls of identify {unknown}
 x - a scroll of enchant armour {unknown}
 y - a scroll of blinking {unknown}
 A - a scroll of enchant weapon {unknown}
 C - 2 scrolls of recharging {unknown}
Potions
 f - a potion of mutation {unknown}
 g - 2 potions of curing {unknown}
 h - a potion of flight {unknown}
 j - 3 potions of agility {unknown}
 n - a potion of resistance {unknown}
 o - a potion of berserk rage {unknown}
 s - 2 potions of haste {unknown}
 u - a potion of ambrosia {unknown}
 B - a potion of lignification {unknown}
 D - a potion of cure mutation {unknown}
Books
 w - a book of the Tempests

   Spells                             Type                      Level
   a - Static Discharge               Conjuration/Air              3
   b - Lightning Bolt                 Conjuration/Air              5
   c - Fireball                       Conjuration/Fire             5
   d - Tornado                        Air                          9
   e - Shatter                        Earth                        9
 F - a book of Spatial Translocations

   Spells                             Type                      Level
   a - Apportation                    Translocation                1
   b - Blink                          Translocation                2
   c - Shroud of Golubria             Charms/Translocation         2
   d - Portal Projectile              Translocation                3
   e - Teleport Other                 Translocation                3
   f - Passage of Golubria            Translocation                4
 H - a book of Beasts

   Spells                             Type                      Level
   a - Summon Butterflies             Summoning                    1
   b - Call Canine Familiar           Summoning                    3
   c - Summon Ice Beast               Ice/Summoning                4
   d - Summon Mana Viper              Hexes/Summoning              5
   e - Summon Hydra                   Summoning                    7
Comestibles
 d - 7 bread rations
 G - a beef jerky


   Skills:
 + Level 5.2 Fighting
 * Level 7.0 Bows
 + Level 4.8 Dodging
 - Level 0.8 Stealth


You had 7 spell levels left.
You didn't know any spells.

Dungeon Overview and Level Annotations

Branches:
Dungeon (5/15)             Temple (0/1) D:4

Altars:
Gozag
Ru
Sif Muna
Xom

Shops:
D:5 (


Innate Abilities, Weirdness & Mutations

You can breathe blasts of scalding, opaque steam.
Your pale cyan-grey scales are hard (AC +6).
Your body does not fit into most forms of armour.
You are cold-blooded and may be slowed by cold attacks.


Message History

k - 15 arrows of flame (gained 1);
c - 54 arrows (gained 8)
You see here a shortbow.
c - 60 arrows (gained 6)
You now have 820 gold pieces (gained 12).
Found 22 stones. [a] 579 gold - Besiom's Food Shop [b] 410 gold - Loev's Gadget Shop [c] 695 gold - Petomy's Book Shop [d] 578 gold - Ukhano's Weapon Shoppe Fund which merchant? [a] 579 gold - Besiom's Food Shop [b] 410 gold - Loev's Gadget Shop [c] 695 gold - Petomy's Book Shop [d] 578 gold - Ukhano's Weapon Shoppe Fund which merchant?
You no longer have enough gold to fund merchants seeking to open stores in the dungeon.
Ukhano invites you to visit its Weapon Shoppe.
Are you sure you want to abandon this character and quit the game? (Confirm with "yes".)
Okay, then.
Are you sure you want to abandon this character and quit the game? (Confirm with "yes".)

# ## #... ###
#####.#####
#########.####.........#
.......@................
(###....#.####.###.##...
#...........###.##...
#..>.................
#....#..###.###.##...
#....#..###.###.##...
###..#...............
#..#.####.###.##...
.#####..................


There were no monsters in sight!

Vanquished Creatures
  Menkaure (D:5)
  A phantom (D:5)
  An ogre (D:4)
  A centaur (D:5)
  Blork the orc (D:5)
  2 crimson imps
  A hound (D:4)
  3 orc priests
  A centaur skeleton (D:5)
  An iguana (D:5)
  2 orc wizards
  3 worker ants (D:4)
  9 adders
  A shadow imp (D:5)
  2 worms (D:3)
  5 giant geckos
  24 orcs
  6 giant cockroaches
  10 goblins
  9 hobgoblins
  12 jackals
  4 quokkas
  9 ball pythons
  8 bats
  5 giant newts
  A jackal skeleton (D:4)
  9 kobolds
  8 rats
140 creatures vanquished.

Notes
Turn   | Place    | Note
--------------------------------------------------------------
     0 | D:1      | namelastname112 the Draconian Hunter began the quest for the Orb.
     0 | D:1      | Reached XP level 1. HP: 17/17 MP: 1/1
   139 | D:1      | Reached XP level 2. HP: 19/25 MP: 2/2
   660 | D:1      | Reached skill level 4 in Bows
   850 | D:1      | Reached XP level 3. HP: 25/30 MP: 3/3
  1074 | D:2      | Found a shimmering altar of Xom.
  1958 | D:3      | Reached XP level 4. HP: 36/38 MP: 4/4
  2146 | D:3      | Found an opulent altar of Gozag.
  2151 | D:3      | Became a worshipper of Gozag Ym Sagoz the Greedy
  2457 | D:3      | Reached XP level 5. HP: 24/45 MP: 5/5
  2681 | D:3      | Reached skill level 5 in Bows
  3328 | D:3      | Reached XP level 6. HP: 49/52 MP: 6/6
  3337 | D:3      | Found a deep blue altar of Sif Muna.
  3866 | D:4      | Found a staircase to the Ecumenical Temple.
  4272 | D:4      | Reached XP level 7. HP: 54/59 MP: 7/7
  4272 | D:4      | Your scales start taking on a pale cyan-grey colour.
  4443 | D:4      | Reached skill level 6 in Bows
  4508 | D:5      | Entered Level 5 of the Dungeon
  4667 | D:5      | Noticed Blork the orc
  4672 | D:5      | Killed Blork the orc
  4724 | D:5      | Noticed Menkaure
  4729 | D:5      | Killed Menkaure
  4976 | D:5      | Found a sacrificial altar of Ru.
  5133 | D:5      | Reached skill level 5 in Fighting
  5293 | D:5      | Reached skill level 7 in Bows
  5293 | D:5      | Reached XP level 8. HP: 21/68 MP: 8/8
  5542 | D:5      | Quit the game

Vault maps used:
D:1:      dpeg_arrival_pits, serial_forest, infiniplex_forest_zigzag_1,
          infiniplex_forest_end_3, infiniplex_forest_corner_2,
          infiniplex_forest_clump_C, infiniplex_forest_straight_1,
          infiniplex_forest_diagonal, infiniplex_forest_lined_3,
          infiniplex_forest_straight_5, infiniplex_forest_straight_2
D:2:      xom_butterflies
D:3:      old_standard_altar, nicolae_gozag_cash_rules_everything_around_me,
          first_bread, minmay_snake_closets
D:4:      minmay_temple_entry_trees
D:5:      nicolae_ru_awakened_eye, uniq_menkaure, uniq_blork_the_orc

Action                   |  1- 3 |  4- 6 |  7- 9 || total
-------------------------+-------+-------+-------++-------
Melee: Short sword       |   139 |       |       ||   139
       Dagger            |    44 |   281 |    39 ||   364
 Fire: Shortbow          |     9 |    28 |   116 ||   153
Invok: Call Merchant     |       |       |     1 ||     1
 Abil: Breathe Steam     |       |       |     1 ||     1
  Use: Potion            |       |     3 |       ||     3
 Stab: Sleeping          |     1 |     2 |       ||     3
  Eat: Chunk             |     3 |       |       ||     3
       Meat ration       |       |     1 |     1 ||     2
       Fruit             |       |     3 |       ||     3
       Royal jelly       |       |     1 |       ||     1
